 Dungeon Crawl Stone Soup version 0.21-a0-88-g13b9641 (webtiles) character file.

14471 namelastname112 the Destroyer (level 11, 0/106 HPs)
             Began as a White Draconian Conjurer on June 27, 2017.
             Was a Priest of Sif Muna.
             Slain by a purple ugly thing (11 damage)
             ... on level 11 of the Dungeon.
             The game lasted 00:29:30 (16611 turns).

namelastname112 the Destroyer (DrCj)               Turns: 16611, Time: 00:29:31

Health: 0/106      AC: 12    Str:  9    XL:     11   Next: 89%
Magic:  1/22       EV: 13    Int: 18    God:    Sif Muna [***...]
Gold:   518        SH:  0    Dex: 12    Spells: 18/29 levels left

rFire    . . .     SeeInvis +   J - +4 dagger (chaos)
rCold    + + .     Gourm    +   (no shield)
rNeg     . . .     Faith    .   (armour unavailable)
rPois    .         Spirit   .   o - +2 hat {SInv}
rElec    .         Reflect  .   m - +0 cloak
rCorr    .         Harm     .   B - +0 pair of gloves
MR       +....                  D - +0 pair of boots
Stlth    +.........             u - amulet of the gourmand
HPRegen  0.27/turn              A - ring of protection from magic
MPRegen  0.18/turn              f - ring of wizardry

@: short of breath, heavily drained, divine energy
A: breathe frost, unfitting armour, hooves 1, cold resistance 2, low mp 1,
robust 2, weak 1, cold-blooded, AC +7
a: Breathe Frost, Stop Divine Energy, Channel Magic, Renounce Religion


You were on level 11 of the Dungeon.
You worshipped Sif Muna.
Sif Muna was most pleased with you.
You were very full.

You visited 2 branches of the dungeon, and saw 12 of its levels.
You also visited: Sewer and Ossuary.

You collected 518 gold pieces.

Inventory:

Hand Weapons
 J - a +4 dagger of chaos (weapon)
Armour
 m - a +0 cloak (worn)
 o - a +2 hat of see invisible (worn)
 B - a +0 pair of gloves (worn)
 D - a +0 pair of boots (worn)
Jewellery
 f - a ring of wizardry (right hand)
 q - an uncursed ring of protection from cold
 r - a +5 ring of dexterity
 u - an amulet of the gourmand (around neck)
 A - a ring of protection from magic (left hand)
Wands
 a - a wand of digging (10/24)
 g - a wand of disintegration (10/24)
 t - a wand of lightning (4/15)
 w - a wand of random effects (0/48)
 y - a wand of polymorph (10/24)
 I - a wand of polymorph (12/24)
Scrolls
 c - a scroll of fear
 i - 6 scrolls of remove curse
 n - 5 scrolls of enchant armour
 x - 5 scrolls of teleportation
 z - a scroll of fog
 E - a scroll of amnesia
 L - 3 scrolls of recharging
 M - 3 scrolls of vulnerability {unknown}
Potions
 d - 12 potions of curing
 e - 4 potions of agility
 h - 3 potions of haste
 k - a potion of resistance
 p - 3 potions of lignification
 v - 3 potions of might
 G - a potion of brilliance
 K - 2 potions of ambrosia
Books
 l - a book of Conjurations

   Spells                             Type                      Level
   a - Magic Dart                     Conjuration                  1
   b - Searing Ray                    Conjuration                  2
   c - Dazzling Spray                 Conjuration/Hexes            3
   d - Fulminant Prism                Conjuration/Hexes            4
   e - Force Lance                    Conjuration/Translocation    4
   f - Iskenderun's Mystic Blast      Conjuration                  4
Miscellaneous
 j - a fan of gales (inert)
Comestibles
 b - 8 bread rations
 s - 6 fruits
 C - 4 meat rations
 H - 2 royal jellies


   Skills:
 + Level 6.1(4.4) Fighting
 + Level 5.4(3.7) Dodging
 - Level 1.7(0.2) Stealth
 + Level 9.6(7.7) Spellcasting
 * Level 12.2(10.1) Conjurations
 * Level 9.2(7.3) Invocations


You had 18 spell levels left.
You knew the following spells:

 Your Spells              Type           Power        Failure   Level  Hunger
c - Iskenderun's Mystic   Conj           #####...     1%          4    ###....
d - Force Lance           Conj/Tloc      ####....     4%          4    ###....
x - Searing Ray           Conj           #####.       1%          2    None
z - Magic Dart            Conj           ####         1%          1    None


Dungeon Overview and Level Annotations

Branches:
Dungeon (11/15)            Temple (1/1) D:6            Lair (0/6) D:8
    Orc (0/2) D:9

Altars:
Cheibriados
Dithmenos
Elyvilon
Fedhas
Gozag
Hepliaklqana
Nemelex Xobeh
Ru
Sif Muna
Trog
Uskayaw
Vehumet
Wu Jian
Xom
Zin

Shops:
D:11 (

Annotations:
D:5 exclusion: 2 slaves, Pikel
D:8 Gastronok
D:11 Josephine


Innate Abilities, Weirdness & Mutations

You can breathe waves of freezing cold.
You can buffet flying creatures when you breathe cold.
Your icy white scales are hard. (AC +7)
You cannot fit into any form of body armour.
Your flesh is very cold resistant. (rC++)
You are cold-blooded and may be slowed by cold attacks.
You have large cloven feet.
Your magical capacity is low. (-10% MP)
You are very robust. (+20% HP)
You are weak. (Str -2)


Message History

* * * LOW HITPOINT WARNING * * *
You take 10 damage, and have 14/106 hp.
You now have 0/22 mp.
Evoke which item? (* to show all) (? for menu, Esc to quit)
Aiming: Lightning Bolt (will waste charges)
Press: ? - help, Shift-Dir - straight line, f/p - purple ugly thing
Aim: a purple ugly thing (heavily wounded)
You hear a mighty clap of thunder!
The bolt of lightning hits the purple ugly thing.
The purple ugly thing is severely wounded.
The bolt of lightning hits the orc warrior.
The orc warrior is heavily wounded.
Evoking this partially-identified wand wasted a few charges.
You hear an angry hiss.
You hear a shout!
The purple ugly thing kicks you!
* * * LOW HITPOINT WARNING * * *
You take 13 damage, and have 1/106 hp.
You feel better.
You regain access to your magic.
The purple ugly thing kicks you!
You die...

#.#######..#############...####
#..........................####
#..........................))).
#...........##########...######
#..######<..# #...# #..# #.†.#
#...#
#..######...##########...#
#........................######
#.............@uo........).....
#.########..########...........
#.# #..# #..######### #.# #..#
#o.# #.# #..# #..#########
#.########..########...........
#..............................
#.............############..###
#..#########..# #..#


You could see a purple ugly thing and an orc warrior.

Vanquished Creatures
  Erica (D:9)
  3 two-headed ogres
  Nergalle (D:11)
  A cyclops (D:11)
  Maurice (D:9)
  A centaur skeleton (D:11)
  A troll (D:8)
  A hornet (D:8)
  Grinder (D:6)
  A polar bear (D:9)
  The ghost of kraktruk the Ruffian, an amateur DrTm (D:4)
  3 hippogriffs
  2 wraiths (D:11)
  2 wyverns
  2 basilisks
  8 yaks
  Grum (D:8)
  Menkaure (D:6)
  2 black bears
  5 sky beasts
  5 ice beasts
  2 orc warriors
  3 phantoms
  An eye of draining (D:11)
  4 wolves
  2 ogres
  A crocodile (D:9)
  5 centaurs
  8 big kobolds
  9 bullfrogs
  A gnoll sergeant (D:8)
  3 scorpions
  9 killer bees
  An electric eel (D:9)
  11 wights
  3 howler monkeys (D:10)
  2 bullfrog zombies
  4 crimson imps
  A jelly (D:8)
  A wyvern simulacrum (D:9)
  5 orc priests
  5 hounds
  2 quasits
  8 orc wizards
  3 iguanas
  7 worker ants
  2 killer bee zombies
  A bullfrog simulacrum (D:9)
  2 hound skeletons (D:6)
  A howler monkey zombie (D:11)
  A worker ant zombie (D:6)
  6 gnolls
  2 river rats (Sewer)
  14 adders
  4 shadow imps
  3 white imps (D:9)
  2 ufetubi (D:9)
  5 oozes (Sewer)
  An adder zombie (D:8)
  11 worms
  2 adder skeletons
  4 leopard geckos
  36 orcs
  2 ball pythons (Sewer)
  11 bats
  5 giant cockroaches
  9 hobgoblins
  6 jackals
  16 kobolds
  9 quokkas
  6 frilled lizards
  3 goblins
  A jackal simulacrum (D:9)
  A jackal skeleton (D:6)
  A quokka zombie (D:9)
  10 rats
322 creatures vanquished.

Notes
Turn   | Place    | Note
-------+----------+-------------------------------------------
     0 | D:1      | namelastname112 the Draconian Conjurer began the quest for the Orb.
     0 | D:1      | Reached XP level 1. HP: 14/14 MP: 3/3
   291 | D:1      | Reached XP level 2. HP: 20/20 MP: 3/5
   363 | D:1      | Learned a level 2 spell: Searing Ray
   798 | D:2      | Reached XP level 3. HP: 14/26 MP: 0/7
  1177 | D:2      | Found a glowing silver altar of Zin.
  1235 | D:2      | Noticed an angel
  1238 | D:2      | Found a shimmering altar of Xom.
  1704 | D:3      | Reached XP level 4. HP: 33/33 MP: 2/8
  2017 | D:3      | Found a sacrificial altar of Ru.
  2397 | D:4      | Reached skill level 5 in Conjurations
  2492 | D:4      | Noticed kraktruk's ghost (amateur DrTm)
  2511 | D:5      | Entered Level 5 of the Dungeon
  2544 | D:5      | Noticed a sky beast
  2623 | D:5      | Found a sand-covered staircase.
  2638 | Ossuary  | Entered an ossuary
  2640 | Ossuary  | Noticed Apogee's ghost (amateur OgWz)
  2885 | D:5      | Reached XP level 5. HP: 32/38 MP: 0/10
  3072 | D:5      | Learned a level 4 spell: Iskenderun's Mystic Blast
  3141 | D:5      | Noticed an ogre
  3147 | D:5      | Killed an ogre
  3251 | D:5      | Noticed Pikel
  3251 | D:5      | Noticed a slave
  3251 | D:5      | Noticed a slave
  3280 | D:5      | Noticed a slave
  3381 | D:5      | Reached XP level 6. HP: 45/45 MP: 6/12
  3674 | D:5      | Killed a sky beast
  3674 | D:5      | Reached skill level 6 in Conjurations
  4106 | D:4      | Reached skill level 5 in Spellcasting
  4423 | D:4      | Your scales start taking on an icy white colour.
  4423 | D:4      | Reached XP level 7. HP: 50/50 MP: 7/14
  4423 | D:4      | Gained mutation: Your flesh is cold resistant. (rC+) [White Draconian growth]
  4581 | D:4      | Killed kraktruk's ghost
  4581 | D:4      | Reached skill level 7 in Conjurations
  5149 | D:6      | Noticed Grinder
  5157 | D:6      | Killed Grinder
  5157 | D:6      | Reached XP level 8. HP: 48/57 MP: 3/17
  5288 | D:6      | Got an ichor-stained long sword
  5289 | D:6      | Identified the +3 long sword of the Sky {slice, rN++} (You found it on level 6 of the Dungeon)
  5367 | D:6      | Reached skill level 8 in Conjurations
  5508 | D:6      | Found a glowing drain.
  5517 | Sewer    | Entered a sewer
  6058 | Sewer    | Reached skill level 9 in Conjurations
  6257 | D:6      | Reached XP level 9. HP: 54/62 MP: 10/21
  6261 | D:6      | Gained mutation: Your large and strong wings let you fly indefinitely. [mutagenic meat]
  6262 | D:6      | Gained mutation: Your spells are a little easier to cast, but a little less powerful. [mutagenic meat]
  6264 | D:6      | Gained mutation: Your magical capacity is low. (-10% MP) [mutagenic meat]
  6265 | D:6      | Gained mutation: Scrolls take you a little longer to read. [mutagenic meat]
  6266 | D:6      | Gained mutation: Your magical capacity is very low. (-20% MP) [mutagenic meat]
  6356 | D:6      | Found a staircase to the Ecumenical Temple.
  6362 | Temple   | Entered the Ecumenical Temple
  6412 | Temple   | Became a worshipper of Sif Muna the Loreminder
  6702 | D:6      | Noticed Menkaure
  6707 | D:6      | Killed Menkaure
  6970 | D:7      | Reached skill level 1 in Invocations
  6979 | D:7      | Reached skill level 1 in Fighting
  7882 | D:7      | Reached skill level 10 in Conjurations
  8009 | D:7      | Reached * piety under Sif Muna
  8188 | D:7      | Gained mutation: You occasionally shout uncontrollably at your foes. [mutagenic meat]
  8190 | D:7      | Gained mutation: Your flesh is very cold resistant. (rC++) [mutagenic meat]
  8191 | D:7      | Gained mutation: You tend to lose your temper in combat. [mutagenic meat]
  8192 | D:7      | Lost mutation: Your spells are a little easier to cast, but a little less powerful. [mutagenic meat]
  8193 | D:7      | Gained mutation: You passively map a small area around you. [mutagenic meat]
  8688 | D:8      | Reached XP level 10. HP: 77/77 MP: 6/17
  8945 | D:8      | Found a staircase to the Lair.
  9274 | D:8      | Reached skill level 5 in Invocations
  9721 | D:8      | Noticed Gastronok
  9952 | D:8      | Noticed Psyche
  9960 | D:8      | Noticed Psyche
  9960 | D:8      | Psyche changed into Psyche the basilisk
  9969 | D:8      | Killed Psyche the basilisk
 10105 | D:8      | Noticed Grum
 10122 | D:8      | Killed Grum
 10796 | D:7      | Noticed a two-headed ogre
 10807 | D:7      | Killed a two-headed ogre
 11093 | D:9      | Found a staircase to the Orcish Mines.
 11239 | D:9      | Reached skill level 11 in Conjurations
 11481 | D:9      | Noticed Maurice
 11507 | D:9      | Killed Maurice
 11695 | D:9      | Got a bloodstained quarterstaff
 11696 | D:9      | Identified the +3 quarterstaff of Voydugu {crush, Dex+6} (You found it on level 9 of the Dungeon)
 11857 | D:9      | Reached ** piety under Sif Muna
 11927 | D:9      | Found a shadowy altar of Dithmenos.
 11927 | D:9      | Found a radiant altar of Vehumet.
 12485 | D:9      | Noticed Erica
 12536 | D:9      | Found a snail-covered altar of Cheibriados.
 12536 | D:9      | Found a bloodstained altar of Trog.
 12607 | D:9      | Found an ornate altar of the Wu Jian Council.
 12646 | D:9      | Reached XP level 11. HP: 78/85 MP: 2/19
 12761 | D:9      | Killed Erica
 12850 | D:9      | HP: 4/85 [yak (23)]
 12958 | D:9      | Reached skill level 5 in Fighting
 13736 | D:9      | Lost mutation: Scrolls take you a little longer to read. [potion of mutation]
 13736 | D:9      | Lost mutation: Your large and strong wings let you fly indefinitely. [potion of mutation]
 13736 | D:9      | Lost mutation: You passively map a small area around you. [potion of mutation]
 13736 | D:9      | Lost mutation: You occasionally shout uncontrollably at your foes. [potion of mutation]
 13736 | D:9      | Lost mutation: Your magical capacity is very low. (-20% MP) [potion of mutation]
 13736 | D:9      | Gained mutation: Your system is resistant to poisons. (rPois) [potion of mutation]
 13736 | D:9      | Lost mutation: You tend to lose your temper in combat. [potion of mutation]
 13736 | D:9      | Gained mutation: You are robust. (+10% HP) [potion of mutation]
 13736 | D:9      | Gained mutation: Your flesh is heat resistant. (rF+) [potion of mutation]
 13773 | D:10     | Entered Level 10 of the Dungeon
 14237 | D:10     | Lost mutation: Your system is resistant to poisons. (rPois) [potion of mutation]
 14237 | D:10     | Lost mutation: Your flesh is heat resistant. (rF+) [potion of mutation]
 14237 | D:10     | Gained mutation: You are very robust. (+20% HP) [potion of mutation]
 14237 | D:10     | Gained mutation: You are weak. (Str -2) [potion of mutation]
 14237 | D:10     | Gained mutation: You have large cloven feet. [potion of mutation]
 14965 | D:11     | Learned a level 4 spell: Force Lance
 15198 | D:11     | Reached skill level 5 in Dodging
 15319 | D:11     | Found Otegy's Weapon Emporium.
 15324 | D:11     | Noticed a purple ugly thing
 15367 | D:11     | Noticed Josephine
 15538 | D:11     | Noticed Nergalle
 15579 | D:11     | Reached *** piety under Sif Muna
 15620 | D:11     | Killed Nergalle
 15620 | D:11     | Reached skill level 12 in Conjurations
 15621 | D:11     | Noticed a two-headed ogre
 15638 | D:11     | Killed a two-headed ogre
 16122 | D:11     | Noticed a five-headed hydra
 16123 | D:11     | HP: 1/106 [Josephine/ghostly fireball (18)]
 16541 | D:11     | Noticed a two-headed ogre
 16565 | D:11     | Killed a two-headed ogre
 16610 | D:11     | HP: 1/106 [purple ugly thing (14)]
 16611 | D:11     | Slain by a purple ugly thing

Vault maps used:
D:1:      evilmike_arrival_hilbert_curve, minmay_pentomino_z2
D:2:      grunt_temple_overflow_order_and_chaos_1
D:3:      minmay_misc_feat_more_columns, nicolae_ru_path_of_blood
D:4:      corexii_corridor_pit
D:5:      first_bread, enter_ossuary_2, uniq_pikel
D:6:      minmay_temple_entry_hall, cheibrodos_sewer_entry_bend,
          kennysheep_generic_room_7, uniq_menkaure, uniq_grinder
D:8:      dpeg_oklobed_lair, uniq_gastronok, uniq_psyche, uniq_grum
D:9:      old_standard_altar, gammafunk_temple_overflow_wave,
          chequers_temple_overflow_statue_of_worship, david_orc_2, serial_ice,
          serial_ice_g, serial_ice_o, serial_ice_e, serial_ice_l, serial_ice_c,
          serial_ice_b, serial_ice_a, serial_ice_h, uniq_erica, uniq_maurice
D:11:     serial_shops, shop, hangedman_little_slice_of_home,
          nemelex_diamond_rough_becter, uniq_josephine, uniq_nergalle
Temple:   regret_index_temple_waves
Sewer:    sewer_co_tree
Ossuary:  minmay_ossuary_gauntlet

Skill      XL: |  1  2  3  4  5  6  7  8  9 10 11 |
---------------+----------------------------------+-----
Spellcasting   | 3 4 5 6 8 9 |  9.6
Conjurations   | 5 6 7 9 10 11 12 | 12.2
Invocations    | 4 7 9 |  9.2
Fighting       | 3 4 6 |  6.1
Dodging        | 3 4 5 |  5.4
Stealth        | |  1.7

Action                   |  1- 3 |  4- 6 |  7- 9 | 10-12 || total
-------------------------+-------+-------+-------+-------++-------
Melee: Unarmed           |    13 |       |       |       ||    13
       Tailslap          |     3 |     3 |    12 |    34 ||    52
       Dagger            |    32 |    27 |    20 |   280 ||   359
       Long sword        |       |       |    70 |    14 ||    84
Throw: Throwing net      |       |       |       |     1 ||     1
 Cast: Magic Dart        |    78 |   107 |   260 |   315 ||   760
       Searing Ray       |       |     8 |    17 |    25 ||    50
       Iskenderun's Myst |       |     1 |    20 |    67 ||    88
       Force Lance       |       |       |       |     6 ||     6
Invok: Divine Energy     |       |       |       |     1 ||     1
 Abil: Breathe Frost     |       |       |    11 |    16 ||    27
Evoke: Wand              |       |     2 |       |     9 ||    11
       Fan of gales      |       |       |       |     1 ||     1
  Use: Scroll            |       |     2 |    13 |     7 ||    22
       Potion            |       |       |       |     9 ||     9
 Stab: Paralysed         |       |       |       |     4 ||     4
       Petrified         |       |       |       |     5 ||     5
       Petrifying        |       |       |       |     1 ||     1
  Eat: Chunk             |     3 |     4 |    30 |    36 ||    73
       Fruit             |       |     1 |       |       ||     1
       Meat ration       |       |     1 |       |       ||     1
       Bread ration      |       |       |     1 |       ||     1
Armor: Skin              |    19 |    11 |    99 |   169 ||   298
Dodge: Dodged            |    27 |    38 |   139 |   375 ||   579
Block: Other             |       |     3 |       |       ||     3
       Rpst.: Long sword |       |       |    31 |     9 ||    40
